 Dungeon Crawl Stone Soup version 0.17.1-3-g152610e (webtiles) character file.

71 kaze the Chopper (level 4, -2/33 HPs)
             Began as a Demonspawn Gladiator on Mar 31, 2016.
             Killed from afar by williamiamiam's ghost (8 damage)
             ... with a zap
             ... on level 3 of the Dungeon.
             The game lasted 00:05:38 (1949 turns).

kaze the Chopper (Demonspawn Gladiator)             Turns: 1949, Time: 00:05:38

Health: -2/33      AC: 10    Str: 16    XL:     4   Next: 5%
Magic:  4/4        EV:  8    Int:  9    God:
Gold:   86         SH:  7    Dex: 14    Spells: 0 memorised, 3 levels left

rFire  . . .     SeeInvis .     a - +0 war axe
rCold  . . .     Clarity  .     q - +0 scale mail
rNeg   . . .     SustAt   .     m - +0 shield
rPois  .         Gourm    .     c - +0 helmet
rElec  .         Spirit   .     (no cloak)
rCorr  .         Warding  .     (no gloves)
rMut   .         Stasis   .     t - +0 pair of boots
MR     .....                    o - amulet of faith
Stlth  +.........               (no ring)
                                (no ring)

@: not resistant to hostile enchantments, very unstealthy
A: thin metallic scales 1, nightstalker 1
a: no special abilities


You were on level 3 of the Dungeon.
You were full.

You visited 1 branch of the dungeon, and saw 3 of its levels.

You collected 86 gold pieces.

Inventory:

Hand Weapons
 a - a +0 war axe (weapon)
Missiles
 d - 3 javelins (quivered)
Armour
 c - a +0 helmet (worn)
 m - a +0 shield (worn)
 q - a +0 scale mail (worn)
 t - a +0 pair of boots (worn)
Jewellery
 o - an amulet of faith (around neck)
Scrolls
 b - a scroll of noise {unknown}
 g - a scroll of fear {unknown}
 k - a scroll of remove curse {unknown}
 l - a scroll of fog {unknown}
 n - a scroll of identify {unknown}
 p - a scroll of teleportation {unknown}
 r - a scroll of magic mapping {unknown}
Potions
 h - a potion of cure mutation {unknown}
 i - a potion of flight {unknown}
 j - 2 potions of heal wounds {unknown}
Comestibles
 e - 3 bread rations
 f - a meat ration
 s - 4 chunks of flesh


   Skills:
 + Level 2.2 Fighting
 + Level 3.5 Axes
 + Level 1.9 Throwing
 + Level 1.2 Armour
 + Level 3.2 Dodging
 + Level 0.1 Shields


You had 3 spell levels left.
You didn't know any spells.

Dungeon Overview and Level Annotations

Branches:
Dungeon (3/15)

Altars:

Annotations:
D:3 williamiamiam's ghost, amateur HEAE


Innate Abilities, Weirdness & Mutations

You are partially covered in thin metallic scales (AC +2).
You are slightly more attuned to the shadows.


Message History

Williamiamiam's ghost is lightly damaged.
Williamiamiam's ghost points at you and mumbles some strange words.
The zap hits you!
* * * LOW HITPOINT WARNING * * *
You miss williamiamiam's ghost.
Williamiamiam's ghost is lightly damaged.
Williamiamiam's ghost hits you but does no damage.
Williamiamiam's ghost barely misses you.
You hit williamiamiam's ghost.
Williamiamiam's ghost is lightly damaged.
Williamiamiam's ghost casts a spell at you.
The zap misses you.
You closely miss williamiamiam's ghost.
Williamiamiam's ghost is lightly damaged.
You block williamiamiam's ghost's attack.
You miss williamiamiam's ghost.
Williamiamiam's ghost is lightly damaged.
Williamiamiam's ghost gestures at you while chanting.
The zap hits you!
You die...

..............
..............
###.....###### #.....#
#.....# #.....## .
#......## >#
####.....#.#######.#
#..W@...###.#.......
#(####.## ##..##.#
###.###.## ##(#K##
#........## ##...r.#
#.#.#.....###r#.##....#
#.#†#.###..#.##....#...
# #.).....#.###.$... .#
###.##....# ##.#### #
#.##.##.# .#


You could see williamiamiam's ghost.

Vanquished Creatures
  2 worms (D:2)
  5 orcs (D:3)
  2 giant cockroaches (D:2)
  4 goblins
  5 hobgoblins
  3 jackals (D:3)
  A quokka (D:2)
  2 ball pythons
  8 bats
  2 giant geckos
  3 giant newts
  10 kobolds
  9 rats
56 creatures vanquished.

Notes
Turn   | Place    | Note
--------------------------------------------------------------
     0 | D:1      | kaze the Demonspawn Gladiator began the quest for the Orb.
     0 | D:1      | Reached XP level 1. HP: 16/16 MP: 1/1
   729 | D:1      | Gained mutation: You are slightly more attuned to the shadows. [demonic ancestry]
   729 | D:1      | Reached XP level 2. HP: 16/22 MP: 2/2
   894 | D:1      | Reached skill level 3 in Axes
  1340 | D:2      | Reached XP level 3. HP: 20/27 MP: 3/3
  1344 | D:2      | Reached skill level 1 in Armour
  1899 | D:3      | Noticed williamiamiam's ghost (amateur HEAE)
  1913 | D:3      | Gained mutation: You are partially covered in thin metallic scales (AC +2). [demonic ancestry]
  1913 | D:3      | Reached XP level 4. HP: 11/33 MP: 4/4
  1949 | D:3      | Killed from afar by williamiamiam's ghost

Action                   |  1- 3 |  4- 6 || total
-------------------------+-------+-------++-------
Melee: War axe           |   113 |    17 ||   130
Throw: Javelin           |       |     2 ||     2
 Stab: Sleeping          |     2 |       ||     2
  Eat: Chunk             |     2 |       ||     2
       Bread ration      |     1 |       ||     1
       Pizza             |     1 |       ||     1
